 Dungeon Crawl Stone Soup version 0.20-a0-848-g73d9be0 (webtiles) character file.

6406 kidcy the Basher (level 10, -6/80 HPs)
             Began as a Demonspawn Monk on Mar 9, 2017.
             Was a Believer of Ashenzari.
             Killed from afar by an electric eel (9 damage)
             ... with a bolt of electricity
             ... on level 8 of the Dungeon.
             The game lasted 00:20:44 (10072 turns).

kidcy the Basher (Demonspawn Monk)                 Turns: 10072, Time: 00:20:45

Health: -6/80      AC: 22    Str: 22    XL:     10   Next: 66%
Magic:  10/10      EV: 10    Int: 11    God:    Ashenzari [**....]
Gold:   476        SH:  7    Dex: 21    Spells: 9/9 levels left

rFire    + . .     SeeInvis +   a - +3 whip (elec) (curse)
rCold    + . .     Gourm    .   M - +0 crystal plate armour "Opnianne" {rF+ rN+ Str+7} (curse)
rNeg     + . .     Faith    .   n - +1 buckler
rPois    .         Spirit   .   (no helmet)
rElec    .         Reflect  .   (no cloak)
rCorr    .         Harm     .   (no gloves)
MR       +....                  (no boots)
Stlth    ..........             (no amulet)
Regen    0.3/turn               e - ring of protection from magic
MPRegen  0.2/turn               J - ring of see invisible

@: agile
A: icy blue scales 3, powered by pain 1
a: Curse Item, Scrying, Renounce Religion


You were on level 8 of the Dungeon.
You worshipped Ashenzari.
Ashenzari was pleased with you.
You were hungry.

You visited 2 branches of the dungeon, and saw 9 of its levels.
You also visited: Ossuary and Bailey.

You collected 476 gold pieces.

Inventory:

Hand Weapons
 a - a cursed +3 whip of electrocution (weapon)
 b - a +1 hunting sling of freezing
 D - a +0 morningstar
 F - a +3 dire flail of draining
Missiles
 v - 4 sling bullets
Armour
 k - a +0 scale mail
 n - a +1 buckler (worn)
 K - a +0 shield
 L - a +1 large shield of poison resistance
 M - the cursed +0 crystal plate armour "Opnianne" (worn) {rF+ rN+ Str+7}
   (You found it in a bailey)

   It affects your strength (+7).
   It protects you from fire.
   It protects you from negative energy.
   It has a curse placed upon it.
Jewellery
 e - a ring of protection from magic (right hand)
 J - a ring of see invisible (left hand)
Wands
 o - a wand of iceblast (0/15)
 p - a wand of clouds (0/9)
Scrolls
 c - a scroll of random uselessness {unknown}
 d - 7 scrolls of remove curse
 j - a scroll of immolation
 l - 6 scrolls of identify
 q - 6 scrolls of enchant weapon
 r - 7 scrolls of teleportation
 y - 2 scrolls of enchant armour
 C - 2 scrolls of fear
Potions
 f - 5 potions of invisibility
 h - a potion of lignification
 i - 3 potions of haste
 s - 10 potions of curing
 t - 5 potions of heal wounds
 x - a potion of cancellation {unknown}
 z - 2 potions of brilliance {unknown}
 A - a potion of agility {unknown}
 B - 3 potions of mutation {unknown}
 G - a potion of berserk rage {unknown}
 H - a potion of ambrosia {unknown}
Books
 m - a book of Cantrips

   Spells                             Type                      Level
   a - Confusing Touch                Hexes                        1
   b - Animate Skeleton               Necromancy                   1
   c - Summon Small Mammal            Summoning                    1
   d - Apportation                    Translocation                1
 I - a book of Geomancy

   Spells                             Type                      Level
   a - Sandblast                      Earth                        1
   b - Passwall                       Transmutation/Earth          2
   c - Stone Arrow                    Conjuration/Earth            3
   d - Petrify                        Transmutation/Earth          4
   e - Lee's Rapid Deconstruction     Earth                        5
Comestibles
 g - 5 meat rations
 w - 3 fruits
 E - 3 royal jellies


   Skills:
 + Level 8.2 Fighting
 * Level 10.2(12.3) Maces & Flails
 + Level 6.7 Armour
 - Level 2.6 Dodging
 - Level 1.7 Stealth
 + Level 5.5 Shields


You had 9 spell levels left.
You didn't know any spells.

Dungeon Overview and Level Annotations

Branches:
Dungeon (8/15)             Temple (1/1) D:5            Lair (0/6) D:8

Altars:
Ashenzari
Cheibriados
Dithmenos
Elyvilon
Fedhas
Gozag
Hepliaklqana
Kikubaaqudgha
Makhleb
Nemelex Xobeh
Qazlal
Ru
Sif Muna
Uskayaw
Vehumet
Wu Jian
Xom
Yredelemnul
Zin
The Shining One

Shops:
D:7 *


Innate Abilities, Weirdness & Mutations

You are completely covered in icy blue scales. (AC +4, rC+)
You sometimes gain a little power by taking damage.


Message History

You hit the electric eel but do no damage.
The electric eel is severely wounded.
The electric eel shoots out a bolt of lightning at you!
The bolt of electricity hits the electric eel.
The electric eel completely resists.
The bolt of electricity hits you!
* * * LOW HITPOINT WARNING * * *
The bolt of electricity hits you!
* * * LOW HITPOINT WARNING * * *
The electric eel shoots out a bolt of lightning at you!
The bolt of electricity hits you!
* * * LOW HITPOINT WARNING * * *
The electric eel shoots out a bolt of lightning at you!
The bolt of electricity hits you!
* * * LOW HITPOINT WARNING * * *
The electric eel shoots out a bolt of lightning at you!
The bolt of electricity hits you!
* * * LOW HITPOINT WARNING * * *
The electric eel shoots out a bolt of lightning at you!
The bolt of electricity hits you!
You die...

##...≈≈≈≈≈ ≈
#....≈≈≈≈≈
#..≈;;≈.≈.≈g≈≈≈
#...≈≈≈....≈ ≈≈
#..≈≈≈.≈.>.≈ ≈≈
###.;..≈......≈≈≈
#####.....≈≈≈....≈≈≈≈
#...(.....≈≈≈.≈..≈≈≈≈
#.#.@......≈≈≈...≈≈≈≈
#.#.#.#....≈≈≈≈.≈≈≈≈≈
#.#.......≈≈≈≈≈.≈≈≈..
#.##(##...≈≈≈≈≈.≈≈≈≈.
#)##)##..≈≈≈≈.≈.≈≈≈≈≈
#.)........≈≈.≈.≈≈;≈≈
####.###....≈.≈.≈≈...
#.................
#.###.............


You could see 3 electric eels.

Vanquished Creatures
  The ghost of Yehuk the Cleaver, a novice DDFi of Makhleb (D:8)
  Pikel (D:6)
  Grinder (D:6)
  Sigmund (D:6)
  Eustachio (D:5)
  2 hungry ghosts (D:8)
  Edmund (D:6)
  Duvessa (D:4)
  A slave (D:6)
  2 sky beasts
  6 orc warriors
  An ice beast (D:6)
  3 wolves (D:8)
  An ogre (D:4)
  5 centaurs
  Blork the orc (D:6)
  A gnoll sergeant (D:7)
  3 bullfrogs (D:6)
  Dowan (D:4)
  A wyvern zombie (D:7)
  13 scorpions
  6 killer bees (D:7)
  4 wights (D:8)
  5 crimson imps
  3 centaur zombies (Ossuary)
  2 human zombies (Ossuary)
  A jelly (D:5)
  2 bullfrog skeletons
  3 hounds
  2 orc priests (D:7)
  2 centaur skeletons
  8 orc wizards (D:7)
  A gnoll shaman (D:8)
  Ijyb (D:2)
  An iguana (D:7)
  7 worker ants
  A big kobold zombie (Ossuary)
  3 mummies (Ossuary)
  A worker ant zombie (D:7)
  11 adders
  11 gnolls
  6 scorpion zombies (Ossuary)
  A shadow imp (D:8)
  An ooze (D:3)
  An adder skeleton (D:4)
  3 worms
  A dart slug (D:1)
  25 orcs
  2 ball pythons
  5 bats
  7 giant cockroaches
  4 gnoll zombies (Ossuary)
  10 goblins
  13 hobgoblins
  3 jackals (D:5)
  2 quokkas
  3 frilled lizards
  A giant cockroach zombie (D:5)
  A goblin zombie (Ossuary)
  2 hobgoblin zombies (Ossuary)
  5 kobolds
  4 rats
  A bush (D:4)
224 creatures vanquished.

Vanquished Creatures (others)
  A slave (D:6)
  A scorpion (Ossuary)
  A worker ant (D:6)
  A gnoll (D:8)
  An adder zombie (D:6)
5 creatures vanquished.

Grand Total: 229 creatures vanquished

Notes
Turn   | Place    | Note
-------+----------+-------------------------------------------
     0 | D:1      | kidcy the Demonspawn Monk began the quest for the Orb.
     0 | D:1      | Reached XP level 1. HP: 18/18 MP: 1/1
   257 | D:1      | Reached skill level 3 in Maces & Flails
   257 | D:1      | Gained mutation: You are partially covered in icy blue scales. (AC +2) [demonic ancestry]
   257 | D:1      | Reached XP level 2. HP: 24/24 MP: 2/2
   332 | D:1      | Reached skill level 1 in Armour
   870 | D:2      | Noticed Ijyb
   872 | D:2      | Reached XP level 3. HP: 26/29 MP: 3/3
   882 | D:2      | Killed Ijyb
  1310 | D:2      | Gained mutation: You sometimes gain a little power by taking damage. [demonic ancestry]
  1310 | D:2      | Reached XP level 4. HP: 27/35 MP: 4/4
  1607 | D:2      | Noticed a hand axe
  1608 | D:2      | Noticed a dagger
  1611 | D:2      | Found a hide-covered altar of Uskayaw.
  2540 | D:3      | Reached skill level 4 in Maces & Flails
  2748 | D:3      | Gained mutation: You are mostly covered in icy blue scales. (AC +3) [demonic ancestry]
  2748 | D:3      | Reached XP level 5. HP: 42/42 MP: 5/5
  2752 | D:3      | Found a hazy altar of Hepliaklqana.
  2920 | D:4      | Noticed Duvessa
  2920 | D:4      | Noticed Dowan
  2940 | D:4      | Killed Duvessa
  2940 | D:4      | Reached skill level 1 in Shields
  2957 | D:4      | Killed Dowan
  2957 | D:4      | Reached XP level 6. HP: 37/48 MP: 6/6
  3284 | D:4      | Found a blossoming altar of Fedhas.
  3287 | D:4      | Found a white marble altar of Elyvilon.
  3846 | D:4      | Reached skill level 5 in Maces & Flails
  4177 | D:5      | Entered Level 5 of the Dungeon
  4177 | D:5      | Noticed Eustachio
  4189 | D:5      | Killed Eustachio
  4189 | D:5      | Gained mutation: You are completely covered in icy blue scales. (AC +4, rC+) [demonic ancestry]
  4189 | D:5      | Reached XP level 7. HP: 49/55 MP: 7/7
  4267 | D:5      | Found a staircase to the Ecumenical Temple.
  4313 | Temple   | Entered the Ecumenical Temple
  4674 | D:5      | Reached skill level 5 in Fighting
  4931 | D:5      | Reached skill level 6 in Maces & Flails
  5034 | D:5      | Found a glowing golden altar of the Shining One.
  5105 | D:5      | Found a burning altar of Makhleb.
  5105 | D:5      | Noticed a green death
  5167 | D:6      | Found a shattered altar of Ashenzari.
  5175 | D:6      | Reached XP level 8. HP: 54/62 MP: 8/8
  5183 | D:6      | Became a worshipper of Ashenzari the Shackled
  5183 | D:6      | Reached * piety under Ashenzari
  5183 | D:6      | Reached ** piety under Ashenzari
  5194 | D:6      | Noticed Pikel
  5217 | D:6      | Killed Pikel
  5236 | D:6      | Found a sand-covered staircase.
  5275 | Ossuary  | Entered an ossuary
  5410 | Ossuary  | Reached skill level 7 in Maces & Flails
  5816 | Ossuary  | Reached XP level 9. HP: 67/69 MP: 9/9
  6263 | D:6      | Found a blossoming altar of Fedhas.
  6290 | D:6      | Noticed Blork the orc
  6313 | D:6      | Killed Blork the orc
  6324 | D:6      | Reached skill level 8 in Maces & Flails
  6324 | D:6      | Reached skill level 5 in Armour
  6467 | D:6      | Noticed Edmund
  6470 | D:6      | Killed Edmund
  6531 | D:6      | Noticed Grinder
  6538 | D:6      | Killed Grinder
  6688 | D:6      | Noticed Sigmund
  6708 | D:6      | Killed Sigmund
  7151 | D:7      | Found Zehuast's Island Escapes.
  7495 | D:7      | Reached skill level 9 in Maces & Flails
  7546 | D:7      | Found a flagged portal.
  7558 | Bailey   | Entered a bailey
  7736 | Bailey   | Noticed an orc knight
  7820 | Bailey   | Noticed an orc knight
  7841 | Bailey   | Got the cursed crystal plate armour "Opnianne" {rF+ rN+ Str+7}
  8042 | Bailey   | Reached XP level 10. HP: 58/79 MP: 10/10
  8418 | Bailey   | Identified the cursed +0 crystal plate armour "Opnianne" {rF+ rN+ Str+7} (You found it in a bailey)
  9386 | D:8      | Reached skill level 5 in Shields
  9403 | D:8      | Noticed Yehuk's ghost (novice DDFi)
  9429 | D:8      | Killed Yehuk's ghost
  9560 | D:8      | Found a shimmering altar of Xom.
  9561 | D:8      | Found a shimmering altar of Xom.
  9561 | D:8      | Found a shimmering altar of Xom.
  9561 | D:8      | Found a shimmering altar of Xom.
  9561 | D:8      | Found a shimmering altar of Xom.
  9561 | D:8      | Found a shimmering altar of Xom.
  9562 | D:8      | Found a shimmering altar of Xom.
  9562 | D:8      | Found a shimmering altar of Xom.
  9576 | D:8      | Reached skill level 10 in Maces & Flails
  9769 | D:8      | Found a staircase to the Lair.
 10072 | D:8      | HP: 3/80 [electric eel/bolt of electricity (5)]
 10072 | D:8      | Killed from afar by an electric eel

Vault maps used:
D:1:      dpeg_arrival_houses_and_road
D:2:      dancing_weapons_uskayaw, uniq_iyjb
D:3:      lemuel_coloured_pillars_altar, minmay_crystal_room
D:4:      lemuel_crystal_altar, first_bread, fedhas_bush_and_centaur_altar,
          uniq_duvessa
D:5:      makhleb_altar_promises_db, lemuel_crystal_altar, temple_pool_b,
          uniq_eustachio
D:6:      overflow_temple_1_default, marbit_many_paths, enter_ossuary_2,
          uniq_grinder, uniq_blork_the_orc, uniq_pikel, uniq_sigmund,
          uniq_edmund
D:7:      minmay_flawed_box, enter_bailey_3, nicolae_island_escapes
D:8:      xom_shifter_show, erik_lair_island, serial_shops, shop
Temple:   minmay_temple_bridge_abc
Ossuary:  ossuary_minmay_scorpions
Bailey:   bailey_polearm_1, bailey

Skill      XL: |  1  2  3  4  5  6  7  8  9 10 |
---------------+-------------------------------+-----
Maces & Flails | 3 4 5 6 7 9 10 | 10.2
Armour         | 1 2 3 4 5 6 |  6.7
Fighting       | 4 5 6 7 8 |  8.2
Shields        | 1 2 3 4 5 |  5.5
Dodging        | |  2.6
Stealth        | |  1.7

Action                   |  1- 3 |  4- 6 |  7- 9 | 10-12 || total
-------------------------+-------+-------+-------+-------++-------
Melee: Mace              |    55 |       |       |       ||    55
       Whip              |    34 |   130 |   282 |   219 ||   665
       Dire flail        |       |       |   137 |       ||   137
       Flail             |       |       |    30 |     6 ||    36
 Fire: Hunting sling     |       |    13 |    44 |       ||    57
Invok: Curse Item        |       |       |       |     1 ||     1
Evoke: Wand              |       |       |     4 |     3 ||     7
  Use: Scroll            |     1 |     9 |     8 |     2 ||    20
 Stab: Sleeping          |     3 |       |       |       ||     3
       Distracted        |     1 |       |       |       ||     1
  Eat: Chunk             |     1 |     5 |       |     2 ||     8
       Bread ration      |       |     1 |     3 |       ||     4
       Meat ration       |       |       |       |     1 ||     1
Armor: Robe              |     3 |       |       |       ||     3
       Ring mail         |    31 |     3 |       |       ||    34
       Scale mail        |       |    40 |   154 |     2 ||   196
       Crystal plate arm |       |       |       |   101 ||   101
Dodge: Dodged            |    40 |    47 |   181 |    34 ||   302
Block: Buckler           |       |     9 |    51 |    42 ||   102
